 Dungeon Crawl Stone Soup version 0.30-a0-939-gc8157cb160 (webtiles) character file.

Game seed: 14520175983269063264

59 DeathPants the Trooper (level 4, -4/24 HPs)
             Began as a Vine Stalker Fighter on Mar 25, 2023.
             Slain by Sigmund
             ... wielding a +2 scythe of venom
              (6 damage)
             ... on level 2 of the Dungeon.
             The game lasted 00:03:00 (805 turns).

DeathPants the Trooper (Vine Stalker Fighter)        Turns: 805, Time: 00:03:00

Health: -4/24      AC:  6    Str: 18    XL:     4   Next: 3%
Magic:  0/7        EV: 10    Int:  8    God:
Gold:   50         SH:  0    Dex: 16    Spells: 6/6 levels left

rFire   . . .      SeeInvis .    a - +0 rapier
rCold   . . .      Faith    .    (no shield)
rNeg    . . .      Spirit   +    b - +0 scale mail
rPois   .          Reflect  .    (no helmet)
rElec   .          Rampage  .    (no cloak)
rCorr   .                        (no gloves)
Will    .....                    (no boots) Stlth
                                 (no amulet)
HPRegen 1.04/turn                (no ring)
MPRegen 0.10/turn                (no ring)

@: lethally poisoned (-4 -> -7)
A: fangs 2, regeneration 1, magic shield, antimagic bite, no potion heal 2
a: no special abilities


You were on level 2 of the Dungeon.
You visited 1 branch of the dungeon, and saw 3 of its levels.

You collected 50 gold pieces.

Inventory:

Hand Weapons
 a - a +0 rapier (weapon)
Missiles
 l - 4 boomerangs (quivered)
 m - 2 javelins
Armour
 b - a +0 scale mail (worn)
 c - a +0 buckler
Jewellery
 n - a ring of wizardry
Scrolls
 e - 5 scrolls of poison {unknown}
 f - 5 scrolls of identify {unknown}
 h - a scroll of vulnerability {unknown}
 k - a scroll of enchant armour {unknown}
Potions
 d - a potion of might
 g - a potion of brilliance {unknown}
 i - a potion of attraction {unknown}
 j - a potion of curing {unknown}


   Skills:
 + Level 3.1 Fighting
 + Level 2.3 Short Blades
 - Level 2.4 Armour
 + Level 1.2 Dodging
 - Level 2.6 Shields
 + Level 1.6 Spellcasting


You had 6 spell levels left.
You didn't know any spells.
Your spell library contained the following spells:

 Spells                   Type           Power      Damage    Failure   Level
 Malign Gateway           Summ/Tloc      0%         N/A       100%        7
 Summon Horrible Things   Summ           0%         N/A       100%        8


Dungeon Overview and Level Annotations

Branches:
Dungeon (3/15)

Altars:

Annotations:
D:2 Sigmund


Innate Abilities, Weirdness & Mutations

You have extremely sharp teeth.
Your natural rate of healing is unusually fast.
When hurt, damage is shared between your health and your magic reserves.
Your bite disrupts and absorbs the magic of your enemies.
Potions cannot restore your health.


Message History

Found an iron ring.
The bat barely misses you.
Sigmund the Dreaded comes into view.
He is wielding a +2 scythe of venom.
Sigmund shouts!
The bat hits you but does no damage.
A kobold comes into view. It is wielding a +0 short sword.
Sigmund drinks a potion.
Sigmund seems to speed up.
The bat barely misses you.
Sigmund mumbles some strange words.
Sigmund flickers and vanishes!
Deactivating autopickup; reactivate with Ctrl-A.
The bat hits you but does no damage.
You hit the bat.
You kill the bat!
Something hits you but does no damage.
You are poisoned.
You hear some strange, mumbled words.
You are confused.
You hear a shout!
You feel very sick.
The kobold shouts!
Something hits you.
You are more poisoned.
You see here a bat corpse.
You feel very sick. Something hits you.
You feel very sick. Something hits you but does no damage.
You are more poisoned.
You see here a bat corpse.
You feel very sick. Something hits you but does no damage.
You feel less confused.
You feel very sick.
A magic dart appears from out of thin air!
The magic dart hits you!
* * * LOW HITPOINT WARNING * * *
There is a stone staircase leading down here.
* * * LOW HITPOINT WARNING * * *
You feel sick. Something hits you!
You die...

######## #......#
#......# #......#
#......#
#####......#######
....'.........†.@#
#####......##.##.#
#......##....#
########.....#
..#.=.# #.##...+
....... .. #...#
........ ..# #...#
.........


There were no monsters in sight!

Vanquished Creatures
  An adder (D:2)
  2 dart slugs (D:1)
  3 ball pythons (D:1)
  A bat (D:2)
  8 endoplasms
  A giant cockroach (D:1)
  4 hobgoblins
  3 kobolds
  4 quokkas
  3 frilled lizards
  4 goblins
  6 rats (D:1)
40 creatures vanquished.

Notes
Turn   | Place    | Note
-------+----------+-------------------------------------------
     0 | D:1      | DeathPants the Vine Stalker Fighter began the quest for the
                  | Orb.
     0 | D:1      | Reached XP level 1. HP: 11/11 MP: 2/2
    65 | D:1      | Reached XP level 2. HP: 5/16 MP: 1/3
   242 | D:1      | Reached skill level 1 in Spellcasting
   264 | D:1      | Reached XP level 3. HP: 14/19 MP: 2/5
   266 | D:1      | Reached skill level 3 in Fighting
   395 | D:1      | Reached skill level 1 in Dodging
   784 | D:2      | Gained mutation: Your natural rate of healing is unusually
                  | fast. [Vine Stalker growth]
   784 | D:2      | Reached XP level 4. HP: 24/24 MP: 7/7
   796 | D:2      | Noticed Sigmund
   805 | D:2      | Slain by Sigmund

Illustrated notes

Levels and vault maps discovered:
D:1:      dpeg_arrival_rhombi, layout_rooms
D:2:      layout_basic, uniq_robin, uniq_sigmund
D:3:      layout_loops_ring

Skill      XL: |  1  2  3 |
---------------+----------+-----
Short Blades   | 2 |  2.3
Spellcasting   | 1 |  1.6
Fighting       | 3 |  3.1
Dodging        | 1 |  1.2
Armour         | |  2.4
Shields        | |  2.6

Action                     |  1- 3 |  4- 6 || total
---------------------------+-------+-------++-------
  Melee: Rapier            |    77 |     1 ||    78
         Bite              |    20 |       ||    20
  Throw: Boomerang         |     3 |       ||     3
 Armour: Scale mail        |    22 |     5 ||    27
  Dodge: Dodged            |    33 |     2 ||    35

Table legend: (Time is in decaauts)
 A = Elapsed time spent in this place.
 B = Non-inter-level travel time spent in this place.
 C = Inter-level travel time spent in this place.
 D = Time resting spent in this place.
 E = Time spent auto-exploring this place.
 F = Levels seen in this place.
 G = Mean time per level.
                   A        B        C        D        E       F      G
               +--------+--------+--------+--------+--------+-----+--------+
         Total |    815 |    781 |     34 |      0 |    431 |   3 |  271.7 |
       Dungeon |    815 |    781 |     34 |      0 |    431 |   3 |  271.7 |
               +--------+--------+--------+--------+--------+-----+--------+

Top non-repeatable levels by time:
     D:1: 594 daAuts
     D:2: 216 daAuts
     D:3: 3 daAuts
